 Dungeon Crawl Stone Soup version 0.28-a0-312-gbced6e68ee (webtiles) character file.

Game seed: 1673850694414288640

1512108 Majang the Slayer (level 27, 317/317 HPs)
             Began as an Ogre Delver on Aug 30, 2021.
             Was the Champion of Qazlal.
             Escaped with the Orb
             ... and 3 runes on Aug 31, 2021!
             The game lasted 07:55:57 (97411 turns).

Majang the Slayer (Ogre Delver)                    Turns: 97411, Time: 07:55:57

Health: 317/317    AC: 32    Str: 41    XL:     27
Magic:  37/37      EV: 16    Int: 13    God:    Qazlal [******]
Gold:   2472       SH:  8    Dex: 13    Spells: 26/26 levels left

rFire   + + .      SeeInvis +   b - +9 giant spiked club (freeze)
rCold   + . .      Faith    .   (shield currently unavailable)
rNeg    + . .      Spirit   .   s - +11 gold dragon scales
rPois   +          Reflect  .   Y - +0 mask of the Dragon {Will+ Slay+3 SInv}
rElec   +          Harm     .   Q - -2 cloak of the Boiling Point {Rampage rElec rN+ Will+}
rCorr   +          Rampage  +   (gloves unavailable)
Will    +++++                   (boots unavailable)
Stlth   ..........              F - amulet "Rareh" {Acrobat *Slow rCorr Int+2 Dex+3}
HPRegen 0.62/turn               i - +4 ring of evasion
MPRegen 0.25/turn               V - ring "Tiskint" {*Slow rF+ Will+ Str+8 Stlth+}

@: studying 4 skills, repel missiles
A: large, unfitting armour, tough skin 1, antennae 1, camouflage 1, electricity
resistance, no potion heal 1
0: Orb of Zot
}: 3/15 runes: barnacled, slimy, gossamer
a: Renounce Religion, Upheaval, Elemental Force, Disaster Area


You escaped.
You worshipped Qazlal.
Qazlal was exalted by your worship.
You visited 11 branches of the dungeon, and saw 54 of its levels.
You visited the Abyss 1 time.
You also visited: Trove, Bailey, Gauntlet and Ice Cave.

You collected 9730 gold pieces.
You spent 7258 gold pieces at shops.

Inventory:

Hand Weapons
 a - the +8 mithril axe "Arga" {speed, Will+}
   (You found it on level 13 of the Dungeon)

   Attacks with this weapon are significantly faster.
   Will:      It increases your willpower.
 b - a +9 giant spiked club of freezing (weapon)
 e - the +5 giant club "Daizuecw" {freeze, *Noise rC++ Will+++ Int-5}
   (You found it in a Gauntlet)

   It freezes those it strikes, dealing additional cold damage.
   It can also slow down cold-blooded creatures.
   Int:       It affects your intelligence (-5).
   rC:        It greatly protects you from cold.
   *Noise:    It may make noises in combat.
   Will:      It greatly increases your willpower.
 B - the +7 broad axe of Mastery {drain, rF+ rCorr}
   (You found it on level 4 of the Vaults)

   A truly terrible weapon, it drains the life of any living foe it strikes.
   rF:        It protects you from fire.
   rCorr:     It protects you from acid and corrosion.
Missiles
 y - 89 large rocks
 A - 55 javelins
 S - 36 silver javelins
 T - 76 boomerangs (quivered)
 U - 21 boomerangs of dispersal
 W - 17 silver boomerangs
Armour
 s - +11 gold dragon scales (worn)
 Q - the -2 cloak of the Boiling Point (worn) {Rampage rElec rN+ Will+}
   (You bought it in a shop on level 1 of the Orcish Mines)

   rElec:     It insulates you from electricity.
   rN:        It protects you from negative energy.
   Rampage:   It bestows one free step when moving towards enemies.
   Will:      It increases your willpower.
 Y - the +0 mask of the Dragon (worn) {Will+ Slay+3 SInv}
   (You bought it in a shop on level 4 of the Depths)

   Slay:      It affects your accuracy & damage with ranged weapons and melee
   (+3).
   SInv:      It lets you see invisible.
   Will:      It increases your willpower.
Jewellery
 i - a +4 ring of evasion (left hand)
 F - the amulet "Rareh" (around neck) {Acrobat *Slow rCorr Int+2 Dex+3}
   (You found it on level 2 of the Realm of Zot)

   [amulet of the acrobat]

   It increases your evasion while moving and waiting.
   Int:       It affects your intelligence (+2).
   Dex:       It affects your dexterity (+3).
   rCorr:     It protects you from acid and corrosion.
   *Slow:     It may slow you when you take damage.
 V - the ring "Tiskint" (right hand) {*Slow rF+ Will+ Str+8 Stlth+}
   (You took it off a deep elf master archer on level 2 of the Elven Halls)

   [ring of protection from fire]

   Str:       It affects your strength (+8).
   rF:        It protects you from fire.
   *Slow:     It may slow you when you take damage.
   Will:      It increases your willpower.
   Stlth:     It makes you more stealthy.
Wands
 g - a wand of digging (4)
 n - a wand of iceblast (116)
 t - a wand of flame (164)
 x - a wand of acid (54)
Scrolls
 k - 13 scrolls of fog
 o - 2 scrolls of holy word
 q - 7 scrolls of immolation
 w - 8 scrolls of magic mapping
 z - 16 scrolls of teleportation
 I - 3 scrolls of blinking
 J - 5 scrolls of summoning
 N - 2 scrolls of silence
Potions
 c - 9 potions of flight
 f - 5 potions of heal wounds
 h - a potion of berserk rage
 j - 19 potions of curing
 l - 7 potions of resistance
 p - 6 potions of haste
 r - 14 potions of lignification
 u - 10 potions of ambrosia
 v - 2 potions of invisibility
 G - 8 potions of magic
 H - 8 potions of might
 M - 11 potions of attraction
 X - a potion of cancellation
Miscellaneous
 C - a tin of tremorstones (2/2)
 K - a lightning rod (4/4)
 R - a condenser vane


   Skills:
 + Level 25.9 Fighting
 * Level 22.5 Maces & Flails
 * Level 23.7 Throwing
 + Level 15.2 Armour
 + Level 16.6 Dodging
 - Level 3.7 Stealth
 - Level 9.0 Shields
 * Level 21.5 Invocations


You had 26 spell levels left.
You didn't know any spells.
Your spell library contained the following spells:

 Spells                   Type           Power      Damage    Failure   Level
 Animate Skeleton         Necr           0%         N/A       94%         1
 Apportation              Tloc           0%         N/A       94%         1
 Beastly Appendage        Tmut           0%         N/A       94%         1
 Corona                   Hex            0%         N/A       94%         1
 Foxfire                  Conj/Fire      0%         2x1d4     94%         1
 Freeze                   Ice            0%         1d3       94%         1
 Magic Dart               Conj           0%         1d3       94%         1
 Pain                     Necr           0%         1d4       94%         1
 Sandblast                Erth           0%         2d4       94%         1
 Sting                    Tmut/Pois      0%         1d3       94%         1
 Summon Small Mammal      Summ           0%         N/A       94%         1
 Call Imp                 Summ           0%         N/A       98%         2
 Corpse Rot               Necr/Air       N/A        N/A       98%         2
 Ensorcelled Hibernation  Hex/Ice        0%         N/A       98%         2
 Passwall                 Tmut/Erth      0%         N/A       98%         2
 Searing Ray              Conj           0%         3d3       98%         2
 Static Discharge         Conj/Air       0%         N/A       98%         2
 Sublimation of Blood     Necr           0%         N/A       98%         2
 Wereblood                Tmut           0%         N/A       98%         2
 Conjure Flame            Conj/Fire      0%         6-21      100%        3
 Frozen Ramparts          Ice            0%         1d2       100%        3
 Ignite Poison            Fire/Tmut/Pois 0%         N/A       100%        3
 Inner Flame              Hex/Fire       0%         N/A       100%        3
 Mephitic Cloud           Conj/Pois/Air  0%         N/A       100%        3
 Ozocubu's Armour         Ice            0%         N/A       100%        3
 Spider Form              Tmut/Pois      0%         N/A       100%        3
 Stone Arrow              Conj/Erth      0%         3d7       100%        3
 Summon Guardian Golem    Hex/Summ       0%         N/A       100%        3
 Swiftness                Air            0%         N/A       100%        3
 Tukima's Dance           Hex            0%         N/A       100%        3
 Vampiric Draining        Necr           0%         2d6       100%        3
 Animate Armour           Summ/Erth      0%         N/A       100%        4
 Animate Dead             Necr           0%         N/A       100%        4
 Dispel Undead            Necr           0%         3d6       100%        4
 Fulminant Prism          Conj/Hex       0%         3d6       100%        4
 Hailstorm                Conj/Ice       0%         3d3       100%        4
 Ice Form                 Ice/Tmut       0%         N/A       100%        4
 Iskenderun's Mystic Bla  Conj/Tloc      0%         2d3       100%        4
 Leda's Liquefaction      Hex/Erth       0%         N/A       100%        4
 Passage of Golubria      Tloc           N/A        N/A       100%        4
 Petrify                  Tmut/Erth      0%         N/A       100%        4
 Sticky Flame             Conj/Fire      0%         2d3       100%        4
 Summon Ice Beast         Ice/Summ       0%         N/A       100%        4
 Blade Hands              Tmut           0%         N/A       100%        5
 Bolt of Magma            Conj/Fire/Erth 0%         4d4       100%        5
 Borgnjor's Vile Clutch   Necr/Erth      0%         N/A       100%        5
 Fireball                 Conj/Fire      0%         3d3       100%        5
 Irradiate                Conj/Tmut      0%         3d13      100%        5
 Iskenderun's Battlesphe  Conj           0%         2d6       100%        5
 Lee's Rapid Deconstruct  Erth           0%         3d5*      100%        5
 Metabolic Englaciation   Hex/Ice        0%         N/A       100%        5
 Silence                  Hex/Air        0%         N/A       100%        5
 Yara's Violent Unravell  Hex/Tmut       0%         3d3       100%        5
 Conjure Ball Lightning   Conj/Air       0%         3x3d6     100%        6
 Death Channel            Necr           0%         N/A       100%        6
 Dispersal                Tloc           0%         N/A       100%        6
 Invisibility             Hex            0%         N/A       100%        6
 Iron Shot                Conj/Erth      0%         9d1       100%        6
 Statue Form              Tmut/Erth      0%         N/A       100%        6
 Dragon Form              Tmut           0%         N/A       100%        7
 Orb of Destruction       Conj           0%         N/A       100%        7
 Spellforged Servitor     Conj/Summ      0%         N/A       100%        7
 Summon Hydra             Summ           0%         N/A       100%        7
 Borgnjor's Revivificati  Necr           0%         N/A       100%        8
 Discord                  Hex            0%         N/A       100%        8
 Disjunction              Tloc           0%         N/A       100%        8
 Ignition                 Fire           0%         3d3       100%        8
 Lehudib's Crystal Spear  Conj/Erth      0%         10d2      100%        8
 Necromutation            Tmut/Necr      0%         N/A       100%        8
 Death's Door             Necr           0%         N/A       100%        9
 Fire Storm               Conj/Fire      0%         5d1       100%        9


Dungeon Overview and Level Annotations

Branches:
Dungeon (15/15)            Temple (1/1) D:5            Lair (6/6) D:10
 Shoals (4/4) Lair:3       Spider (4/4) Lair:2        Slime (5/5) Lair:5
    Orc (2/2) D:9             Elf (3/3) Orc:2        Vaults (4/5) D:14
  Crypt (0/3) Vaults:2     Depths (5/5) D:15            Zot (5/5) Depths:5
 Bailey (visited)           IceCv (visited)         Gauntlet (visited)

Altars:
Ashenzari
Cheibriados
Dithmenos
Elyvilon
Fedhas
Gozag
Hepliaklqana
Kikubaaqudgha
Makhleb
Nemelex Xobeh
Okawaru
Qazlal
Ru
Sif Muna
Trog
Uskayaw
Vehumet
Wu Jian
Xom
Yredelemnul
Zin
The Shining One
Beogh
Lugonu

Shops:
D:2 *   D:9 [   D:10 ?=([   D:14 *   D:15 *   Orc:1 [   Orc:2 ?*!*!   Elf:1 =
Elf:3 [   Depths:1 :=:   Depths:4 [[

Portals:
Hell: Depths:1 Depths:2 Depths:3 Depths:4 Depths:5
Abyss: Orc:1 Depths:2 Depths:4 Depths:5
Pandemonium: Depths:3 Depths:5
Ziggurat: Depths:2


Innate Abilities, Weirdness & Mutations

You are too large for most types of armour.
You have tough skin. (AC +1)
You have a pair of small antennae on your head.
Your skin changes colour to match your surroundings (Stealth+).
You are resistant to electric shocks. (rElec)
Potions are less effective at restoring your health.


Message History

The cacodemon completely misses you.
The orange demon is lost in a daze.
You closely miss the cacodemon.
The cacodemon is almost dead.
You closely miss the cacodemon.
The cacodemon is almost dead.
Your protection from cold is fading.
The cacodemon barely misses you. You block the cacodemon's attack.
The orange demon closely misses you.
You barely miss the cacodemon.
The cacodemon is almost dead.
The cacodemon hits you but does no damage.
The cacodemon misses you. The orange demon barely misses you.
You puncture the cacodemon! You freeze the cacodemon.
The cacodemon is almost dead.
You thump the cacodemon! You freeze the cacodemon.
You kill the cacodemon!
Qazlal accepts your kill.
The orange demon is engulfed in freezing vapours.
The orange demon closely misses you.
The orange demon is engulfed in freezing vapours.
You kill the orange demon!
Qazlal accepts your kill.
You feel less protected from cold.
S - 35 silver javelins (gained 2)
S - 36 silver javelins (gained 1)
There is a stone staircase leading up here.
You start resting.
HP restored.
You climb upwards.
There is a stone staircase leading down here.
There is a stone staircase leading up here.
You climb upwards.
There is a stone staircase leading down here.
Aiming: Dig
Press: ? - help, Shift-Dir - straight line A rock wall.
This square is covered in magical glow.
The rock shatters into small pieces.
There is a staircase leading out of the dungeon here.
You have escaped!

#.##############.# #.#
###.##........(.##.# #.#
#......########.##.# #.# #......#
#.##.# #.# #......# ##.##.# #.#
###......# #.....# #.# #........#
##'##..####.#
.........######.○.#.......#
...............○@.+...#####
.#....#..######...###.#
#...#.#..# ##+####.##
##.......### #.......##########
#.#.......# ######............
##.#.......##########.###########
...#.......##.(.......#
..............#########
####.......####


There were no monsters in sight!

Vanquished Creatures
  the Royal Jelly (Slime:5)
  Dissolution (Slime:4)
  7 orbs of fire (Zot:5)
  4 dread liches
  Sojobo (Vaults:3)
  2 pandemonium lords (D:3)
  A curse toe (Zot:2)
  Frederick (Vaults:4)
  4 Killer Klowns
  Saint Roka (Vaults:4)
  8 golden dragons
  A caustic shrike (Depths:2)
  Nikola (Spider:4)
  Arachne (Spider:4)
  A bone dragon (Abyss:3)
  3 electric golems
  15 tentacled monstrosities
  2 titans
  2 Ice Fiends
  5 liches
  Rupert (D:15)
  Jorgrun (Spider:1)
  Asterion (Lair:2)
  29 Orb Guardians
  2 deep elf blademasters
  4 sphinxes
  2 deep elf master archers
  5 quicksilver dragons
  A tentacled starspawn (Abyss:3)
  20 acid blobs
  14 death cobs
  Polyphemus (Shoals:2)
  Agnes (Elf:1)
  Frances (Shoals:1)
  An ancient champion (Vaults:2)
  Roxanne (Shoals:3)
  Donald (Elf:1)
  7 tengu reavers
  Ilsuiw (Shoals:2)
  12 storm dragons
  A daeva (Depths:2)
  16 rockslimes
  6 shadow dragons
  A rockslime (shapeshifter) (Vaults:3)
  4 fire giants
  5 draconian monks
  18 azure jellies
  8 frost giants
  5 draconian knights
  6 deep elf sorcerers
  7 draconian scorchers
  6 ghost moths
  7 cacodemons
  3 iron dragons
  15 vault wardens
  6 draconian shifters
  Aizul (Lair:3)
  10 ironbound preservers
  3 emperor scorpions
  3 draconian stormcallers
  2 angels (Depths:2)
  2 orc warlords
  A juggernaut zombie (Depths:2)
  The ghost of stripedtigrrr the Peltast, a journeyman OpAK of Lugonu (Orc:1)
  A spriggan defender (Depths:3)
  16 quicksilver oozes
  5 deep elf elementalists
  11 stone giants
  19 very ugly things
  A juggernaut skeleton (Depths:2)
  2 war gargoyles (Vaults:3)
  13 draconian annihilators
  7 deep elf demonologists
  2 vampire knights
  13 green draconians
  3 starcursed masses (Abyss:3)
  7 deep elf annihilators
  15 red draconians
  A lorocyproca (Abyss:3)
  7 white draconians
  A minotaur (Gauntlet)
  6 black draconians
  8 yellow draconians
  12 spark wasps
  8 dire elephants
  12 deep elf death magi
  8 purple draconians
  Snorg (D:9)
  8 merfolk javelineers
  A crystal guardian (Vaults:3)
  8 fire dragons
  6 ettins
  15 merfolk impalers
  Fannar (Orc:1)
  12 ice dragons
  Harold (D:9)
  A spectral kraken (Shoals:1)
  4 deep elf high priests
  11 great orbs of eyes
  10 yaktaur captains
  8 hydras
  4 ironbound thunderhulks
  2 hell beasts
  3 rakshasas
  6 boulder beetles
  15 vault guards
  3 spriggan air magi
  A peacekeeper (Vaults:3)
  2 ghost crabs (Shoals:1)
  10 centaur warriors
  9 merfolk aquamancers
  7 ironbound frosthearts
  6 catoblepae
  4 merfolk avatars
  2 death knights
  12 two-headed ogres
  2 satyrs
  13 death yaks
  28 dancing weapons
  3 spriggan berserkers
  8 tengu warriors
  6 deep troll shamans
  An orc high priest (Orc:2)
  4 hell hogs
  17 deep elf knights
  10 deep troll earth magi
  7 ironbound beastmasters
  2 hell knights (Vaults:3)
  A thrashing horror (Abyss:3)
  4 soul eaters
  Nergalle (Orc:1)
  2 wretched stars (Abyss:3)
  6 iron trolls
  A shadow wraith (Abyss:3)
  4 sixfirhies
  A fire crab (shapeshifter) (Depths:3)
  5 skeletal warriors
  A goliath frog (shapeshifter) (Depths:3)
  6 sea snakes
  43 deep trolls
  An infernal demonspawn (Depths:3)
  A sea snake (shapeshifter) (D:14)
  An obsidian statue (IceCv)
  14 deep elf archers
  A bog body (IceCv)
  16 ironbound convokers
  3 glowing orange brains
  A torturous demonspawn (Depths:3)
  An orange crystal statue (Depths:1)
  2 phantasmal warriors
  A golden dragon skeleton (Depths:2)
  5 lindwurms
  Pikel (D:6)
  33 wolf spiders
  40 deep elf zephyrmancers
  4 shining eyes
  13 wizards
  29 deep elf pyromancers
  17 harpies
  An orb spider (shapeshifter) (Vaults:3)
  7 necromancers
  11 orc knights
  73 ugly things
  A mana viper (shapeshifter) (Depths:5)
  13 manticores
  26 orb spiders
  2 orc sorcerers
  5 cyclopes
  13 fauns
  A will-o-the-wisp (Abyss:3)
  A human skeleton (Vaults:3)
  Maurice (D:10)
  A worldbinder (Orc:1)
  4 centaur zombies
  An ice statue (Gauntlet)
  11 merfolk sirens
  9 elephants
  An iron dragon skeleton (Depths:2)
  A rust devil (Depths:3)
  Joseph (D:9)
  33 moths of wrath
  4 black mambas
  7 eyes of devastation
  4 orange demons
  3 torpor snails
  15 water nymphs
  19 vault sentinels
  8 cane toads
  An unseen horror (D:13)
  15 demonic crawlers
  5 komodo dragons
  28 yaktaurs
  An elf zombie (Vaults:3)
  3 kobold demonologists (D:11)
  5 rime drakes
  5 tengu conjurers
  6 freezing wraiths
  4 ice devils (IceCv)
  A spectral water nymph (Shoals:1)
  2 hellwings (Depths:5)
  6 spectral merfolk (Shoals:1)
  5 entropy weaver simulacra (IceCv)
  An anaconda simulacrum (IceCv)
  An ancient zyme (Abyss:3)
  A silent spectre (D:13)
  A polar bear (Lair:5)
  5 red devils
  48 jumping spiders
  10 trolls
  40 merfolk
  Prince Ribbit (D:9)
  10 wind drakes
  A slime creature (shapeshifter) (Depths:1)
  8 hornets
  7 snapping turtles
  A dream sheep (shapeshifter) (D:15)
  11 blink frogs
  172 slime creatures
  10 raiju (Abyss:3)
  6 large abominations
  6 air elementals
  A human simulacrum (Vaults:3)
  A vampire (D:9)
  6 spriggan simulacra (IceCv)
  71 redbacks
  A centaur simulacrum (D:15)
  59 yaks
  2 ynoxinuls
  A spriggan (Depths:4)
  A tarantella (shapeshifter) (D:14)
  6 wraiths
  26 tarantellas
  A shadow (D:11)
  An ettin skeleton (Vaults:3)
  11 basilisks
  28 water elementals
  4 wyverns
  4 humans (D:10)
  3 dire elephant simulacra (IceCv)
  5 small abominations
  4 fire elementals
  5 golden eyes (Slime:4)
  4 chaos spawn (Abyss:3)
  4 steam dragons
  9 vampire mosquitoes
  4 neqoxecs
  2 wargs (Orc:2)
  Menkaure (D:7)
  9 minotaur simulacra (IceCv)
  A swamp worm (shapeshifter) (Vaults:4)
  2 harpy simulacra (IceCv)
  2 acid dragons
  Duvessa (D:5)
  18 water moccasins
  An ice beast (D:7)
  A sky beast (shapeshifter) (Elf:2)
  A hornet zombie (D:7)
  50 orc warriors
  2 sky beasts
  2 alligator simulacra (IceCv)
  10 ogres
  4 ettin simulacra
  A human zombie (Vaults:3)
  A necrophage (D:7)
  5 boggarts
  19 centaurs
  4 wolves
  A kobold brigand (D:11)
  A wyvern zombie (D:7)
  11 bullfrogs
  2 gnoll sergeants
  3 earth elementals (Elf:1)
  Dowan (D:5)
  8 deep troll simulacra (IceCv)
  A scorpion (D:6)
  2 water moccasin zombies
  A lindwurm simulacrum (IceCv)
  14 killer bees
  4 wights (D:6)
  9 howler monkeys
  3 electric eels
  A bullfrog zombie (D:5)
  2 hounds
  3 jellies (Lair:5)
  14 orc priests
  Crazy Yiuf (D:3)
  A bullfrog skeleton (D:5)
  A centaur skeleton (D:7)
  2 iguanas
  22 orc wizards
  Natasha (thrice) (D:3)
  7 hell rats
  A hound skeleton (D:4)
  4 howler monkey zombies
  14 gnolls
  19 adders
  3 shadow imps
  A worm (D:3)
  3 dart slugs
  99 orcs
  7 bats
  6 endoplasms
  5 giant cockroaches
  9 goblins
  6 hobgoblins
  3 jackals (D:4)
  6 kobolds
  5 quokkas
  15 ball pythons
  4 frilled lizards
  2 rats
  A ball lightning (D:3)
  A bush (Elf:3)
  A tentacle (Shoals:1)
2452 creatures vanquished.

Vanquished Creatures (collateral kills)
  A rockslime (Slime:5)
  An azure jelly (Slime:5)
  A quicksilver ooze (Slime:5)
  2 very ugly things (Vaults:2)
  An ugly thing (Vaults:2)
  2 orcs (Bailey)
8 creatures vanquished.

Vanquished Creatures (others)
  A draconian knight (Zot:1)
  A harpy (Shoals:3)
  A deep elf zephyrmancer (Elf:2)
  A wolf spider (Spider:1)
  A rime drake (Gauntlet)
  A merfolk (Shoals:4)
  2 jumping spiders
  A redback (Spider:1)
  A spriggan (Depths:4)
  A small abomination (Abyss:3)
  An orc warrior (Orc:2)
  An orc wizard (Orc:2)
  2 orcs
  A ball lightning (D:3)
  2 demonic plants
  15 fungi
  125 plants
  3 tentacles (Shoals:1)
  5 withered plants (Shoals:1)
166 creatures vanquished.

Grand Total: 2626 creatures vanquished

Notes
Turn   | Place    | Note
-------+----------+-------------------------------------------
     0 | D:5      | Majang the Ogre Delver began the quest for the Orb.
     0 | D:5      | Reached XP level 1. HP: 24/24 MP: 1/1
    17 | D:5      | Reached XP level 2. HP: 32/32 MP: 2/2
   267 | D:5      | Found a staircase to the Ecumenical Temple.
   276 | Temple   | Entered the Ecumenical Temple
   362 | Temple   | Became a worshipper of Qazlal Stormbringer
   537 | D:3      | Reached XP level 3. HP: 40/40 MP: 3/3
   538 | D:3      | Found an iron altar of Okawaru.
   592 | D:3      | Found a runed translucent door.
   593 | D:3      | Noticed Crazy Yiuf
  1465 | D:1      | Reached skill level 1 in Invocations
  1484 | D:1      | Reached * piety under Qazlal
  1506 | D:1      | Found a faded altar of an unknown god.
  1643 | D:1      | Reached XP level 4. HP: 48/49 MP: 4/4
  2004 | D:2      | Found Raves's Assorted Antiques.
  2527 | D:2      | Reached skill level 5 in Fighting
  2811 | D:2      | Reached XP level 5. HP: 33/57 MP: 6/6
  3517 | D:3      | Noticed Natasha
  3518 | D:3      | Found a shimmering blue altar of Sif Muna.
  3536 | D:3      | Killed Natasha
  3783 | D:3      | Reached ** piety under Qazlal
  4064 | D:3      | Noticed Natasha
  4117 | D:3      | Killed Natasha
  4464 | D:3      | Reached XP level 6. HP: 63/66 MP: 7/7
  4633 | D:3      | Noticed Natasha
  4646 | D:3      | Killed Natasha
  5616 | D:4      | Found an ornate altar of the Wu Jian Council.
  5717 | D:4      | Reached skill level 6 in Fighting
  5849 | D:4      | Noticed a water moccasin
  5862 | D:4      | Killed a water moccasin
  5863 | D:4      | Reached skill level 5 in Maces & Flails
  5863 | D:4      | Reached XP level 7. HP: 35/76 MP: 9/9
  6607 | D:5      | Noticed Dowan
  6621 | D:5      | Noticed Duvessa
  6696 | D:5      | Killed Duvessa
  6697 | D:5      | Reached skill level 1 in Throwing
  6760 | D:5      | Killed Dowan
  6819 | D:5      | Reached XP level 8. HP: 84/84 MP: 5/10
  6887 | D:5      | Reached skill level 1 in Armour
  7331 | D:5      | Reached skill level 7 in Fighting
  7428 | D:2      | Bought a worn silver wand for 112 gold pieces
  7428 | D:2      | Bought a sapphire potion for 25 gold pieces
  7428 | D:2      | Bought a dark potion for 25 gold pieces
  7428 | D:2      | Bought an ivory wand for 112 gold pieces
  7428 | D:2      | Bought a dark potion for 25 gold pieces
  7635 | D:5      | Found a basalt altar of Yredelemnul.
  7731 | D:3      | Killed Crazy Yiuf
  7840 | D:6      | Reached XP level 9. HP: 72/93 MP: 12/12
  8232 | D:6      | Reached skill level 5 in Invocations
  8533 | D:7      | Noticed Menkaure
  8536 | D:7      | Killed Menkaure
  8554 | D:7      | Noticed Pikel
  8581 | D:6      | Killed Pikel
  8582 | D:6      | Reached skill level 8 in Fighting
  8582 | D:6      | Reached skill level 5 in Throwing
  8637 | D:7      | Reached *** piety under Qazlal
  8722 | D:7      | Noticed a two-headed ogre
  8731 | D:7      | Found a glowing silver altar of Zin.
  8878 | D:7      | Killed a two-headed ogre
  8879 | D:7      | Reached XP level 10. HP: 100/106 MP: 14/14
  8899 | D:7      | Found a sparkling altar of Nemelex Xobeh.
  9283 | D:8      | Noticed a centaur warrior
  9292 | D:8      | Killed a centaur warrior
  9304 | D:8      | Noticed a two-headed ogre
  9336 | D:8      | Killed a two-headed ogre
  9337 | D:8      | Reached skill level 9 in Fighting
  9446 | D:8      | Found a flagged portal.
  9476 | Bailey   | Entered a bailey
  9743 | Bailey   | Acquired the +6 storm dragon scales "Neba Tei" {rElec rN+
                  | Str+2 Dex-2}
  9775 | Bailey   | Noticed an orc knight
  9776 | Bailey   | Noticed an orc knight
  9787 | Bailey   | Killed an orc knight
  9788 | Bailey   | Reached XP level 11. HP: 70/115 MP: 15/15
  9793 | Bailey   | Killed an orc knight
  9794 | Bailey   | Reached skill level 5 in Dodging
  9967 | Bailey   | Noticed an orc knight
  9975 | Bailey   | Noticed an orc knight
  9976 | Bailey   | Noticed an orc knight
  9997 | Bailey   | Killed an orc knight
  9998 | Bailey   | Killed an orc knight
 10005 | Bailey   | Killed an orc knight
 10511 | D:8      | Found a sacrificial altar of Ru.
 10598 | D:8      | Reached **** piety under Qazlal
 10968 | D:8      | Found a faded altar of an unknown god.
 10968 | D:8      | Found a bloodstained altar of Trog.
 10976 | D:8      | Found a snail-covered altar of Cheibriados.
 10978 | D:8      | Found a shimmering altar of Xom.
 10980 | D:8      | Found a blossoming altar of Fedhas.
 11387 | D:9      | Noticed Prince Ribbit
 11393 | D:9      | Noticed Joseph
 11399 | D:9      | Killed Joseph
 11419 | D:9      | Noticed Harold
 11423 | D:9      | Killed Prince Ribbit
 11439 | D:9      | Killed Harold
 11908 | D:2      | Bought a scroll of blinking for 210 gold pieces
 11908 | D:2      | Bought a scroll of identify for 56 gold pieces
 12099 | D:9      | Found Duolinke's Armour Emporium.
 12270 | D:9      | Reached skill level 10 in Fighting
 12963 | D:9      | Found a staircase to the Orcish Mines.
 13119 | D:10     | Entered Level 10 of the Dungeon
 13141 | D:10     | Noticed a two-headed ogre
 13150 | D:10     | Killed a two-headed ogre
 13185 | D:10     | Found Bysoyrphi's Magic Scroll Boutique.
 13208 | D:10     | Bought a scroll of enchant weapon for 90 gold pieces
 13208 | D:10     | Bought a scroll of identify for 24 gold pieces
 13279 | D:10     | Found a hide-covered altar of Uskayaw.
 13294 | D:10     | Reached XP level 12. HP: 104/126 MP: 17/17
 13401 | D:10     | Noticed a two-headed ogre
 13412 | D:10     | Killed a two-headed ogre
 13413 | D:10     | Reached skill level 5 in Armour
 13525 | D:10     | Noticed Maurice
 13543 | D:10     | Killed Maurice
 13593 | D:10     | Reached skill level 10 in Maces & Flails
 13696 | D:10     | Found Haluil's Antique Armour Shop.
 13715 | D:10     | Found an opulent altar of Gozag.
 13721 | D:10     | Found Terosch's Jewellery Shoppe.
 13730 | D:10     | Reached ***** piety under Qazlal
 13893 | D:10     | Found Pufyes's Antique Weapon Shoppe.
 13952 | D:10     | Found a staircase to the Lair.
 14030 | D:10     | Got the Compendium of the Hummingbird
 14230 | Lair:1   | Entered Level 1 of the Lair of Beasts
 14869 | Lair:1   | You fall into a shaft and drop 1 floor!
 14882 | Lair:2   | Noticed an eight-headed hydra
 14888 | Lair:2   | Killed an eight-headed hydra
 15043 | Lair:1   | Reached skill level 11 in Fighting
 15868 | Lair:1   | Reached skill level 10 in Throwing
 16108 | Lair:2   | Found a hole to the Spider Nest.
 16325 | Lair:2   | Reached XP level 13. HP: 134/137 MP: 19/19
 17462 | Lair:3   | Found a staircase to the Shoals.
 17610 | Lair:3   | Found a hazy altar of Hepliaklqana.
 18623 | Lair:4   | Found the +2 shield of Resistance {rF++ rC++ Will++}
 19028 | Lair:5   | Found a gate leading to a gauntlet.
 19037 | Gauntlet | Entered a Gauntlet
 19037 | Gauntlet | Found a transporter.
 19037 | Gauntlet | Found a transporter.
 19045 | Gauntlet | Found a transporter.
 19049 | Gauntlet | Found a transporter.
 19062 | Gauntlet | Found a transporter.
 19066 | Gauntlet | Found a transporter.
 19079 | Gauntlet | Found a transporter.
 19094 | Gauntlet | Found a transporter.
 19100 | Gauntlet | Found a transporter.
 19119 | Gauntlet | Found a transporter.
 19131 | Gauntlet | Found a transporter.
 19135 | Gauntlet | Found a transporter.
 19170 | Gauntlet | Identified the +9 flail of the Blessed Realm {speed, Will++
                  | Dex+5 Stlth-}
 19296 | Gauntlet | Reached skill level 1 in Shields
 19623 | Gauntlet | Noticed a minotaur
 19651 | Gauntlet | Killed a minotaur
 20014 | Gauntlet | Identified the +3 robe of Anarchy {*Corrode rPois Will+}
 20015 | Gauntlet | Got the Handbook of Transformation and Stones
 20017 | Gauntlet | Identified the +5 giant club "Daizuecw" {freeze, *Noise
                  | rC++ Will+++ Int-5}
 20347 | Lair:5   | Reached skill level 12 in Fighting
 20663 | Lair:5   | Found a staircase to the Slime Pits.
 20813 | Lair:6   | Entered Level 6 of the Lair of Beasts
 20953 | Lair:6   | Reached XP level 14. HP: 136/149 MP: 21/21
 22901 | Lair:6   | Reached skill level 13 in Fighting
 23013 | Lair:6   | Reached skill level 10 in Invocations
 23314 | Orc:1    | Entered Level 1 of the Orcish Mines
 23314 | Orc:1    | Noticed Snorg
 23327 | D:9      | Killed Snorg
 23615 | Orc:1    | Noticed stripedtigrrr's ghost (journeyman OpAK)
 23650 | Orc:1    | Noticed Fannar
 23673 | Orc:1    | Killed Fannar
 23785 | Orc:1    | Reached skill level 5 in Shields
 23839 | Orc:1    | Found a one-way gate to the infinite horrors of the Abyss.
 23870 | Orc:1    | Found a transporter.
 23870 | Orc:1    | Noticed a cyan very ugly thing
 23871 | Orc:1    | Noticed an orc warlord
 23935 | Orc:1    | Found a transporter.
 23968 | Orc:1    | Found Xiolenn's Armour Shoppe.
 23979 | Orc:1    | Noticed Nergalle
 24004 | Orc:1    | Killed Nergalle
 24400 | Orc:1    | Killed stripedtigrrr's ghost
 24401 | Orc:1    | Reached XP level 15. HP: 79/161 MP: 22/22
 24408 | Orc:1    | Killed an orc warlord
 24876 | Orc:2    | Entered Level 2 of the Orcish Mines
 24908 | Orc:2    | Found Kawkev's Distillery.
 24920 | Orc:2    | Bought a potion of might for 52 gold pieces
 26164 | Orc:2    | Found a staircase to the Elven Halls.
 26266 | Orc:2    | Found Ekhlostra's General Store.
 26266 | Orc:2    | Found Voeqev Vosu's Distillery.
 26268 | Orc:2    | Found Jashit's General Store.
 26270 | Orc:2    | Found Sujill's Magic Scroll Shoppe.
 26286 | Orc:2    | Bought a scroll of blinking for 90 gold pieces
 26286 | Orc:2    | Bought a scroll of brand weapon for 240 gold pieces
 26286 | Orc:2    | Bought a scroll of enchant weapon for 90 gold pieces
 26290 | Orc:2    | Bought a scroll of enchant weapon for 127 gold pieces
 26290 | Orc:2    | Bought 7 silver javelins for 285 gold pieces
 26811 | D:11     | Found a corrupted altar of Lugonu.
 27632 | D:12     | Reached skill level 14 in Fighting
 28103 | D:12     | Acquired a +2 eveningstar of protection
 28362 | Spider:1 | Entered Level 1 of the Spider Nest
 28365 | Spider:1 | Noticed Asterion
 28367 | Spider:1 | Noticed an Executioner
 28369 | Spider:1 | Noticed Jorgrun
 28923 | Lair:2   | Noticed an Executioner
 28948 | Lair:2   | Noticed an Executioner
 28954 | Lair:2   | HP: 8/244 [Executioner[Asterion] (6)]
 28956 | Lair:2   | Killed Asterion
 29403 | Spider:1 | Killed Jorgrun
 29403 | Spider:1 | Reached ****** piety under Qazlal
 29789 | Spider:1 | Identified the +0 robe of Pingeriffi {rC- Int-4 Dex+8}
 29993 | Spider:1 | Reached XP level 16. HP: 108/174 MP: 24/24
 31934 | Spider:1 | Reached skill level 15 in Fighting
 33715 | Spider:3 | Identified the +3 robe of the Vacuum {Will++ rCorr Str-2}
 34467 | Spider:4 | Entered Level 4 of the Spider Nest
 35015 | Spider:4 | Got Gybyxaf's Incunabulum of the Volcanoes
 35097 | Spider:3 | Paralysed by a hornet for 2 turns
 35492 | Spider:4 | Reached XP level 17. HP: 181/185 MP: 25/25
 35658 | Spider:4 | Noticed Arachne
 36237 | Spider:4 | Killed Arachne
 36315 | Spider:4 | Reached skill level 16 in Fighting
 36753 | Spider:4 | Noticed Nikola
 36772 | Spider:4 | Killed Nikola
 37580 | Spider:4 | Got a gossamer rune of Zot
 37836 | Shoals:1 | Entered Level 1 of the Shoals
 37862 | Shoals:1 | Noticed Aizul
 37864 | Shoals:2 | Noticed Frances
 37870 | Shoals:2 | Noticed Polyphemus
 38420 | D:12     | Reached skill level 10 in Dodging
 38881 | D:12     | Identified the +8 morningstar of Nebaxti {venom, rCorr}
 39114 | D:13     | Found a transporter.
 39337 | D:13     | Found a transporter.
 39337 | D:13     | Found a runed translucent door.
 39337 | D:13     | Found a bloodstained altar of Trog.
 39337 | D:13     | Found the necklace of Bloodlust {*Rage +Rage Will++ Int-3
                  | Slay+6}
 39337 | D:13     | Found the +8 mithril axe "Arga" {speed, Will+}
 39709 | D:13     | Identified the +1 plate armour of the Constellations {Str+4
                  | Int-3 Dex+2}
 39799 | D:13     | Reached XP level 18. HP: 174/198 MP: 27/27
 40037 | D:14     | Reached skill level 17 in Fighting
 40052 | D:14     | Acquired 478 gold pieces
 40326 | D:14     | Found a gate to the Vaults.
 40515 | D:14     | Found a bloodstained altar of Trog.
 40566 | D:14     | Found Atolat's Assorted Antiques.
 40578 | D:14     | Bought a smoking lapis lazuli ring for 155 gold pieces
 40578 | D:14     | Identified the ring "Jubratas" {*Slow Will+ MP+9 Dex+9
                  | Slay+2} (You bought it in a shop on level 14 of the
                  | Dungeon)
 40578 | D:14     | Bought a scroll of immolation for 108 gold pieces
 40736 | D:14     | Found a glowing silver altar of Zin.
 40801 | D:15     | Entered Level 15 of the Dungeon
 40823 | D:15     | Noticed Rupert
 40853 | D:15     | Killed Rupert
 41042 | D:15     | Reached skill level 15 in Throwing
 41228 | D:15     | Found Arent's General Store.
 41236 | D:15     | Bought a scroll of magic mapping for 56 gold pieces
 41236 | D:15     | Bought a scroll of teleportation for 48 gold pieces
 41985 | D:15     | Found a staircase to the Depths.
 42164 | D:10     | Bought a scroll of blinking for 90 gold pieces
 42164 | D:10     | Bought a scroll of blinking for 90 gold pieces
 42164 | D:10     | Bought a scroll of magic mapping for 42 gold pieces
 42164 | D:10     | Bought a scroll of immolation for 42 gold pieces
 42334 | Lair:3   | Killed Aizul
 43522 | Shoals:2 | Reached skill level 15 in Maces & Flails
 43845 | Shoals:2 | Killed Polyphemus
 43853 | Shoals:1 | Killed Frances
 43938 | Shoals:2 | Noticed Ilsuiw
 44164 | Shoals:2 | Killed Ilsuiw
 44578 | Shoals:2 | Reached skill level 18 in Fighting
 45100 | Shoals:2 | Reached XP level 19. HP: 189/211 MP: 28/28
 45723 | Shoals:3 | Identified Roxanne's Tome of the Rocks
 45723 | Shoals:3 | Noticed Roxanne
 47246 | Shoals:3 | Killed Roxanne
 47347 | Shoals:4 | Entered Level 4 of the Shoals
 47475 | Shoals:4 | Paralysed by an air elemental for 1 turns
 47481 | Shoals:4 | Paralysed by an air elemental for 1 turns
 47485 | Shoals:4 | Paralysed by an air elemental for 1 turns
 48038 | Shoals:4 | Reached skill level 10 in Armour
 48537 | Shoals:4 | Identified the +7 hand axe of Wietz {freeze, *Corrode
                  | Fragile rElec rC+++}
 48538 | Shoals:4 | Identified the +9 arbalest "Mud Pie of Death" {elec, Contam
                  | MP+9 Dex+5}
 50465 | Shoals:4 | Got a barnacled rune of Zot
 50658 | Shoals:4 | Reached skill level 19 in Fighting
 51593 | Shoals:4 | Paralysed by an air elemental for 1 turns
 51697 | Shoals:4 | Found a stormy altar of Qazlal.
 52138 | Elf:1    | Entered Level 1 of the Elven Halls
 52182 | Elf:1    | Found a radiant altar of Vehumet.
 52253 | Elf:1    | Found Ruopp's Jewellery Boutique.
 52264 | Elf:1    | Bought an amulet of reflection for 360 gold pieces
 52797 | Elf:1    | Reached XP level 20. HP: 218/226 MP: 30/30
 53063 | Elf:1    | Got the Compendium of the Glacier
 53078 | Elf:1    | Got the Catalogue of the Rocks
 53087 | Elf:1    | Paralysed by an air elemental for 1 turns
 53094 | Elf:1    | Got the Tome of Air
 53461 | Elf:1    | Noticed Agnes
 53473 | Elf:1    | Killed Agnes
 53565 | Elf:1    | Noticed Donald
 53588 | Elf:1    | Killed Donald
 53969 | Elf:2    | Found an ancient bone altar of Kikubaaqudgha.
 54364 | Elf:2    | Found a frozen archway.
 54373 | IceCv    | Entered an ice cave
 55285 | IceCv    | Found the +8 frozen axe "Frostbite" {freezing cloud, *Noise
                  | Fly rC+}
 55295 | IceCv    | Identified the +5 short sword "Zeak" {vorpal, Int-3 SInv
                  | Stlth+}
 55625 | Elf:2    | Found a runed translucent gate.
 55626 | Elf:2    | Found a runed translucent gate.
 55626 | Elf:2    | Found a runed translucent gate.
 56017 | Elf:2    | Reached skill level 20 in Fighting
 57230 | Vaults:1 | Entered Level 1 of the Vaults
 58155 | Vaults:1 | Reached XP level 21. HP: 237/237 MP: 31/31
 59501 | Vaults:2 | HP: 9/239 [red very ugly thing (13)]
 60550 | Vaults:2 | Reached skill level 21 in Fighting
 61123 | Vaults:2 | Found a staircase to the Crypt.
 61876 | Vaults:3 | Reached XP level 22. HP: 202/252 MP: 33/33
 63512 | Vaults:3 | Reached skill level 15 in Invocations
 63696 | Vaults:3 | Noticed a juggernaut
 63697 | Vaults:3 | a juggernaut changed into a rockslime
 63809 | Vaults:3 | Found the +27 Lear's hauberk
 63885 | Vaults:3 | Found the +6 shillelagh "Devastator" {shatter}
 63983 | Vaults:4 | Identified the +7 broad axe of Mastery {drain, rF+ rCorr}
 63998 | Vaults:4 | Identified the +5 falchion of Fixation {elec, rElec rCorr
                  | Str-2}
 64082 | Vaults:4 | Identified the +5 hunting sling "Usearch" {speed, rPois
                  | rF+++ rC- Dex+3}
 64149 | Vaults:4 | Reached skill level 22 in Fighting
 65203 | Vaults:4 | Noticed Frederick
 65217 | Vaults:4 | Killed Frederick
 65218 | Vaults:4 | Noticed Sojobo
 65502 | Vaults:3 | Paralysed by an air elemental for 1 turns
 65509 | Vaults:3 | Paralysed by an air elemental for 1 turns
 65523 | Vaults:3 | Paralysed by an air elemental for 1 turns
 65528 | Vaults:3 | Killed Sojobo
 65529 | Vaults:3 | Reached XP level 23. HP: 37/263 MP: 34/34
 66272 | Vaults:4 | Acquired the +9 pearl dragon scales of Too Many Cooks {rN+
                  | Regen+}
 66513 | Vaults:4 | Identified the +4 hand axe "Baagruin" {freeze, *Slow rC++}
 66647 | Vaults:4 | Noticed Saint Roka
 66697 | Vaults:4 | Killed Saint Roka
 67702 | Depths:1 | Entered Level 1 of the Depths
 67896 | Depths:1 | Identified the +7 flail "Ogreslayer" {freeze, Dex+4}
 68236 | Depths:1 | Found a gateway to Hell.
 68356 | Depths:1 | Found Happuos's Book Shoppe.
 68356 | Depths:1 | Found Kifuj's Jewellery Shop.
 68357 | Depths:1 | Found Tecwiciobb's Book Shoppe.
 68595 | Depths:1 | Got the Tome of Sinister Moulding
 68697 | Depths:2 | Found a gateway to a ziggurat.
 69567 | Depths:2 | You fall into a shaft and drop 2 floors!
 69707 | Depths:2 | Reached skill level 23 in Fighting
 69851 | Depths:2 | Identified the ring "Losufe" {rF+ Int+4}
 70073 | Depths:2 | Noticed a caustic shrike
 70083 | Depths:2 | Killed a caustic shrike
 70102 | Depths:2 | Reached XP level 24. HP: 255/278 MP: 34/34
 70121 | Depths:2 | Identified the +4 trident of Ovaak {drain, rF+ Int+3}
 71611 | Depths:3 | Found a one-way gate leading to the halls of Pandemonium.
 72319 | Depths:3 | Upgraded the game from 0.28-a0-309-gf6d37e6e1d to
                  | 0.28-a0-312-gbced6e68ee
 72777 | Depths:4 | Found Neappaesi's Antique Armour Emporium.
 72934 | Depths:4 | Found Gymoehan's Antique Armour Shoppe.
 72936 | Depths:4 | Bought the +0 mask of the Dragon {Will+ Slay+3 SInv} for
                  | 1336 gold pieces
 72936 | Depths:4 | Found the +0 mask of the Dragon {Will+ Slay+3 SInv}
 73289 | Depths:4 | Identified the -6 tower shield of Teyng {rF+ rC++ Int-2}
 73503 | Depths:4 | Found a portal to a secret trove of treasure.
 73736 | D:9      | Bought the +6 acid dragon scales of Usoliwk {rC+ rCorr} for
                  | 1008 gold pieces
 74083 | Depths:4 | You paid a toll of the acid dragon scales of Usoliwk to
                  | enter a treasure trove
 74084 | Trove    | Entered a treasure trove
 74106 | Trove    | Identified the ring of Ascent {rC+ Will- MP+9 Int+3}
 74855 | Depths:5 | Entered Level 5 of the Depths
 75264 | Depths:4 | Found a shimmering altar of Xom.
 75848 | Depths:5 | Found a corrupted altar of Lugonu.
 76061 | Depths:5 | Found an ornate altar of the Wu Jian Council.
 76147 | Depths:5 | Reached XP level 25. HP: 270/287 MP: 35/35
 76243 | Depths:5 | Found a gate to the Realm of Zot.
 76684 | Elf:3    | Entered Level 3 of the Elven Halls
 77118 | Elf:3    | Found Baof's Antique Armour Shop.
 77775 | Elf:3    | Identified the +7 battleaxe "Nonitesm" {protect, rN+
                  | Stlth+}
 77775 | Elf:3    | Identified the ring "Lybus" {Fire rPois}
 77791 | Elf:3    | Identified the ring "Tiskint" {*Slow rF+ Will+ Str+8
                  | Stlth+}
 78047 | Elf:3    | Identified the +10 long sword "Daojimnitoj" {vorpal, rElec
                  | Str+4}
 78137 | Elf:3    | Identified the +5 hand axe of Deqek {vamp, Str+3}
 78234 | Elf:3    | Found the +9 heavy crossbow "Sniper" {vorpal, Acc+∞ SInv}
 78721 | Orc:1    | Bought the -2 cloak of the Boiling Point {Rampage rElec rN+
                  | Will+} for 256 gold pieces
 79017 | Orc:1    | Voluntarily entered the Abyss.
 79258 | Abyss:3  | Gained mutation: You are clumsy. (Dex -2) [a neqoxec]
 79260 | Abyss:3  | Gained mutation: Your spells are a little easier to cast,
                  | but a little less powerful. [a neqoxec]
 79267 | Abyss:3  | Gained mutation: You have large cloven feet. [a neqoxec]
 79569 | Orc:1    | Escaped the Abyss
 79982 | Slime:1  | Entered Level 1 of the Pits of Slime
 80257 | Slime:1  | Reached skill level 24 in Fighting
 80873 | Slime:2  | Reached XP level 26. HP: 300/300 MP: 35/35
 83177 | Slime:4  | Noticed Dissolution
 83184 | Slime:4  | Killed Dissolution
 84494 | Slime:5  | Entered Level 5 of the Pits of Slime
 84635 | Slime:5  | Noticed the Royal Jelly
 85005 | Slime:5  | Killed the Royal Jelly
 85006 | Slime:5  | Reached skill level 15 in Dodging
 85024 | Slime:5  | Gained mutation: Armour fits poorly on your strangely
                  | shaped body. [a shining eye]
 86236 | Slime:4  | Gained mutation: Potions are less effective at restoring
                  | your health. [a shining eye]
 86468 | Slime:5  | Found the +10 tower shield of Ignorance {rN+ Int-4}
 86480 | Slime:5  | Got a slimy rune of Zot
 86536 | Slime:5  | Got Eguext's Easy Rites and Rhymes
 87005 | Orc:2    | Bought a potion of resistance for 160 gold pieces
 87005 | Orc:2    | Bought a potion of attraction for 48 gold pieces
 87005 | Orc:2    | Bought a potion of attraction for 48 gold pieces
 87005 | Orc:2    | Bought a potion of heal wounds for 80 gold pieces
 87005 | Orc:2    | Bought a potion of ambrosia for 128 gold pieces
 87006 | Orc:2    | Bought a scroll of enchant armour for 127 gold pieces
 87006 | Orc:2    | Bought a potion of magic for 136 gold pieces
 87008 | Orc:2    | Bought a scroll of enchant armour for 90 gold pieces
 87008 | Orc:2    | Bought a scroll of holy word for 90 gold pieces
 87008 | Orc:2    | Bought a scroll of summoning for 114 gold pieces
 87008 | Orc:2    | Bought a scroll of summoning for 114 gold pieces
 87008 | Orc:2    | Bought 3 scrolls of fog for 72 gold pieces
 87013 | Orc:2    | Bought a potion of magic for 104 gold pieces
 87013 | Orc:2    | Bought a scroll of teleportation for 39 gold pieces
 87060 | Orc:2    | Bought a potion of ambrosia for 104 gold pieces
 87060 | Orc:2    | Bought a potion of curing for 39 gold pieces
 87060 | Orc:2    | Bought a potion of attraction for 39 gold pieces
 87060 | Orc:2    | Bought a potion of magic for 104 gold pieces
 87060 | Orc:2    | Bought 2 potions of lignification for 78 gold pieces
 87060 | Orc:2    | Bought a potion of curing for 39 gold pieces
 87060 | Orc:2    | Bought a potion of curing for 39 gold pieces
 87060 | Orc:2    | Bought 2 potions of curing for 78 gold pieces
 87060 | Orc:2    | Bought a potion of invisibility for 104 gold pieces
 87060 | Orc:2    | Bought a potion of haste for 130 gold pieces
 87197 | Lair:1   | Lost mutation: Your spells are a little easier to cast, but
                  | a little less powerful. [potion of mutation]
 87197 | Lair:1   | Lost mutation: Armour fits poorly on your strangely shaped
                  | body. [potion of mutation]
 87197 | Lair:1   | Gained mutation: You have a pair of small antennae on your
                  | head. [potion of mutation]
 87197 | Lair:1   | Lost mutation: You are clumsy. (Dex -2) [potion of
                  | mutation]
 87446 | Zot:1    | Entered Level 1 of the Realm of Zot
 87480 | Zot:1    | Reached XP level 27. HP: 214/312 MP: 36/36
 90555 | Zot:2    | Found a transporter.
 90731 | Zot:2    | Found a transporter.
 90932 | Zot:2    | Noticed a dread lich
 91061 | Zot:2    | Gained mutation: You are frail. (-10% HP) [a cacodemon]
 91154 | Zot:2    | Killed a dread lich
 91165 | Zot:2    | Reached skill level 25 in Fighting
 91177 | Zot:2    | Lost mutation: You are frail. (-10% HP) [a cacodemon]
 91314 | Zot:2    | Identified the ring of the Tormentor {Will+ MP-9 Int+4
                  | Dex+6}
 91328 | Zot:2    | Identified the amulet "Rareh" {Acrobat *Slow rCorr Int+2
                  | Dex+3}
 93800 | Zot:4    | Identified the +4 scale mail of the Hot Ocelot {+Blink rC+
                  | rN+ Stlth-}
 94752 | Zot:5    | Entered Level 5 of the Realm of Zot
 95401 | Zot:5    | Noticed an orb of fire
 95401 | Zot:5    | Gained mutation: You have a pair of antennae on your head.
                  | [an orb of fire]
 95401 | Zot:5    | Noticed a dread lich
 95422 | Zot:5    | Noticed an orb of fire
 95427 | Zot:5    | Noticed an orb of fire
 95429 | Zot:5    | Noticed an orb of fire
 95431 | Zot:5    | Killed an orb of fire
 95431 | Zot:5    | Killed an orb of fire
 95432 | Zot:5    | Noticed an orb of fire
 95433 | Zot:5    | Killed an orb of fire
 95434 | Zot:5    | Killed a dread lich
 95434 | Zot:5    | Gained mutation: You are occasionally teleported next to
                  | monsters. [an orb of fire]
 95435 | Zot:5    | Killed an orb of fire
 95436 | Zot:5    | Noticed an orb of fire
 95437 | Zot:5    | Noticed an orb of fire
 95441 | Zot:5    | Killed an orb of fire
 95442 | Zot:5    | Killed an orb of fire
 95455 | Zot:5    | Noticed a dread lich
 95457 | Zot:5    | Gained mutation: You are clumsy. (Dex -2) [an orb of fire]
 95458 | Zot:5    | Killed an orb of fire
 95459 | Zot:5    | Noticed a dread lich
 95465 | Zot:5    | Killed a dread lich
 95469 | Zot:5    | Killed a dread lich
 95470 | Zot:5    | Reached skill level 15 in Armour
 95797 | Zot:4    | Lost mutation: You have a pair of antennae on your head.
                  | [potion of mutation]
 95797 | Zot:4    | Lost mutation: You have large cloven feet. [potion of
                  | mutation]
 95797 | Zot:4    | Gained mutation: Your body sometimes deteriorates upon
                  | taking damage. [potion of mutation]
 95797 | Zot:4    | Gained mutation: Your skin changes colour to match your
                  | surroundings (Stealth+). [potion of mutation]
 95798 | Zot:4    | Lost mutation: You are occasionally teleported next to
                  | monsters. [potion of mutation]
 95798 | Zot:4    | Lost mutation: Your body sometimes deteriorates upon taking
                  | damage. [potion of mutation]
 95798 | Zot:4    | Lost mutation: You are clumsy. (Dex -2) [potion of
                  | mutation]
 95798 | Zot:4    | Gained mutation: You are resistant to electric shocks.
                  | (rElec) [potion of mutation]
 96582 | Zot:5    | Got the Orb of Zot
 97212 | D:3      | Noticed Jepnit the pandemonium lord
 97223 | D:3      | Killed Jepnit the pandemonium lord
 97223 | D:3      | Noticed Pysieqoe the pandemonium lord
 97233 | D:3      | Killed Pysieqoe the pandemonium lord
 97411 | D:$      | Escaped with the Orb!

Illustrated notes

Levels and vault maps discovered:
D:1:      dpeg_arrival_tiny_g, layout_loops_ring,
          shapermc_ecumenical_altar_acropolis
D:2:      layout_rooms, serial_shops, shop, chequers_serial_rivers_room_a,
          minmay_snake_closets
D:3:      minmay_skewed_foursquare, layout_loops_ring,
          mainiacjoe_overflow_small_starburst, mainiacjoe_overflow_alcove_1,
          uniq_natasha, uniq_crazy_yiuf_cottage
D:4:      layout_loops_ring, amcnicky_altar_gilded,
          chequers_serial_rivers_small_b, minivault_5
D:5:      layout_gridville, marbit_many_paths, minmay_temple_entry_stoned_glass,
          uniq_duvessa
D:6:      layout_basic, hangedman_decor_points
D:7:      layout_cave_pools, lemuel_round_altar, kennysheep_mini_moat,
          uniq_menkaure, uniq_pikel
D:8:      layout_loops_corners, nicolae_ru_great_annihilating_truth,
          chequers_temple_overflow_minitemple, enter_bailey_4
D:9:      layout_loops_ring, erik_orc_2, serial_shops, nicolae_square_shop,
          uniq_harold, uniq_joseph, uniq_prince_ribbit1
D:10:     layout_cave_pods, nicolae_overflow_crystal_walls, old_standard_altar,
          david_lair_shrubbed, serial_shops, shop_statue, shop,
          nicolae_shop_competitors_out_of_business, nicolae_shop_stone,
          minmay_ruffians, uniq_maurice
D:11:     kennysheep_kobold_lugonu_temple, layout_long_grid, minmay_between
D:12:     layout_grid_maze
D:13:     emtedronai_trogs_sanctum, layout_cave_pools, serial_bayou_pond_b
D:14:     layout_gridville, david_vaults_4, zin_angel, nicolae_stop_n_shop_2,
          minmay_holes, bloody_trog
D:15:     grunt_enter_depths_snipers, layout_layer_cave, minmay_misc_feat_five,
          serial_shops, nicolae_shop_stone, uniq_rupert
Temple:   compressed_dpeg_triangle_lava_temple
Lair:1:   layout_concentric_octagons, minivault_26
Lair:2:   layout_cave_pods, spider_nest_entry_web_field, grunt_megastairs_1,
          infiniplex_staircase_pool_2
Lair:3:   layout_regular_city, minmay_shoals_entry_hut, basic_altar,
          chequers_serial_rivers_micro_c
Lair:4:   layout_gridlike, lemuel_fruit_tree
Lair:5:   layout_long_grid, nicolae_slime_entry_slimehenge,
          gauntlet_entry_generic
Lair:6:   evilmike_catoblepas_cave, layout_regular_city, serial_bayou_pond_c,
          serial_bayou_shore_a
Shoals:1: layout_shoals, nicolae_shoals_spectral_cove, uniq_aizul
Shoals:2: layout_shoals, uniq_ilsuiw, uniq_frances, uniq_polyphemus
Shoals:3: layout_shoals, nicolae_shoals_wave_tunnel, uniq_roxanne
Shoals:4: shoals_end_hellmonk_storm_palace [storm_palace_center_square,
          storm_palace_corner_narrow, storm_palace_corner_blocked,
          storm_palace_corner_narrow, storm_palace_corner_altar]
Spider:1: layout_spider_delve, uniq_asterion, uniq_jorgrun
Spider:2: layout_spider_delve
Spider:3: layout_spider_delve
Spider:4: johnstein_spider_rune_arachne_lair, uniq_nikola
Slime:1:  layout_caves, cheibrodos_slime_lost_civilization_5
Slime:2:  layout_caves
Slime:3:  cheibrodos_slime_lost_civilization_2, layout_caves
Slime:4:  cheibrodos_slime_lost_civilization_9, layout_caves, dissolution_awaits
Slime:5
Orc:1:    layout_diamond_mine, gammafunk_ghost_abyssal_escape, serial_shops,
          nicolae_shop_window_shopping, uniq_nergalle, uniq_fannar, uniq_snorg
Orc:2:    st_orc_rangers, layout_caves, serial_shops, nicolae_square_shop,
          basic_altar
Elf:1:    eino_elf_arrival_altar, layout_loops_corners, serial_shops, shop,
          minmay_elf_annihilation, nicolae_elf_elemental_lessons, uniq_agnes,
          uniq_donald
Elf:2:    nicolae_elf_blades_crystal_corner, layout_rooms,
          portal_ice_cave_entry_dragon, basic_altar
Elf:3:    grunt_elf_hall_asides, layout_geoelf_octagon, serial_shops, shop,
          chequers_big_river, grunt_ministairs_6
Vaults:1: vaults_dpeg_hooks, nicolae_vaults_network_star,
          ontoclasm_vaults_twist, nicolae_vaults_little_squares_2, v_misc_8,
          hangedman_vaults_stitches, v_misc_14,
          ontoclasm_vaults_decontamination, nicolae_vaults_rhombus_7,
          vaults_room_pools, nicolae_vaults_network_square,
          layout_vaults_omnigrid
Vaults:2: v_misc_1, vaults_room_grid, nicolae_vaults_network_quinsquares
          [nicolae_vaults_network_quincunx_subvault,
          nicolae_vaults_network_quincunx_subvault,
          nicolae_vaults_network_quincunx_subvault,
          nicolae_vaults_network_quincunx_subvault], hangedman_vaults_corner,
          v_pattern_1, minmay_crypt_entry_simple_statues,
          ontoclasm_vaults_gateway, nicolae_vaults_quartermaster,
          nicolae_vaults_ninety_degrees, v_misc_14,
          nicolae_vaults_diagonal_hallway_7, vaults_room_corners,
          nicolae_vaults_asterisk, nicolae_vaults_gold_heap,
          nicolae_vaults_asterisk, layout_vaults_maze_snakey
Vaults:3: st_greater_box_3, ontoclasm_vaults_ring_square,
          nicolae_vaults_twisting_passages, hangedman_vaults_impose,
          hangedman_vaults_slice, vaults_room_fours, layout_vaults_big_room
Vaults:4: v_misc_32, v_misc_25, hangedman_vaults_corner_blocks, v_misc_27,
          v_misc_11, nicolae_vaults_alarming, ontoclasm_vaults_pinch,
          nicolae_vaults_mini_display_case, nicolae_vaults_what_the_h,
          layout_vaults_omnicross, uniq_saint_roka, uniq_sojobo, uniq_frederick
Depths:1: layout_twisted_cross, serial_bayou_shore_b, grunt_mini_vestibule,
          minmay_misc_feat_nine_boxes, minmay_protected_statue,
          minmay_shop_grove
Depths:2: kennysheep_large_spiral, layout_basic, enter_ziggurat_d,
          pf_hell_entry_great_geh, hangedman_abyss_entry_splay,
          wad_floor_pattern_2, minmay_staircase_bubble
Depths:3: minmay_mutant_horseshoe, layout_gridlike, rand_demon_pan_entry_7,
          hell_entry, kennysheep_random_hallway
Depths:4: hangedman_elemental_death_ray, layout_gridlike, enter_trove_6,
          abyss_entry_glasseish, grunt_decor_fettered, hell_entry, tgw_xom,
          minmay_shoptagon, infiniplex_staircase_pool_1
Depths:5: grunt_zot_entry_gee_three, layout_gridlike, grunt_pan_entry_sceptre,
          nicolae_wu_jian_wuxing_cycle, abyss_entry_flame_altar, hell_entry
Zot:1:    kennysheep_oblong_rooms, layout_basic, st_small_dragon_hoard_2
Zot:2:    gammafunk_dig_for_victory, layout_cellular_growth,
          hangedman_zot_decor_checkerboard
Zot:3:    layout_misc_corridors
Zot:4:    layout_twisted_circle
Zot:5:    layout_gridlike

Skill      XL: |  1  2  3  4  5  6  7  8  9 10 11 12 13 14 15 16 17 18 19 20 21 22 23 24 25 26 27 |
---------------+----------------------------------------------------------------------------------+-----
Maces & Flails | 2 3 4 5 6 7 8 9 10 11 12 13 14 15 16 17 18 19 20 22 | 22.5
Invocations    | 1 2 3 4 5 6 7 8 9 10 11 12 13 14 15 16 17 18 21 | 21.5
Fighting       | 5 6 7 8 9 10 11 12 13 14 15 16 18 19 20 21 22 23 24 25 | 25.9
Throwing       | 1 3 5 7 8 10 11 12 13 14 15 16 17 18 19 20 21 23 | 23.7
Dodging        | 2 3 4 5 6 7 8 9 10 11 12 13 14 15 16 | 16.6
Armour         | 2 3 4 5 6 7 8 9 10 11 12 13 15 | 15.2
Shields        | 2 5 6 8 9 |  9.0
Stealth        | |  3.7

Action                   |  1- 3 |  4- 6 |  7- 9 | 10-12 | 13-15 | 16-18 | 19-21 | 22-24 | 25-27 || total
-------------------------+-------+-------+-------+-------+-------+-------+-------+-------+-------++-------
Melee: Mace              |   106 |   266 |       |       |       |       |       |       |       ||   372
       Flail             |       |    18 |   302 |   284 |   359 |  1491 |   715 |    21 |    17 ||  3207
       Giant spiked club |       |       |       |   294 |   313 |   198 |   228 |   414 |   740 ||  2187
       Giant club        |       |       |       |       |   317 |    20 |   576 |   514 |   120 ||  1547
       Broad axe         |       |       |       |       |       |       |    29 |       |   328 ||   357
       Kick              |       |       |       |       |       |       |       |       |   415 ||   415
Throw: Boomerang         |       |     5 |       |       |    45 |    76 |    89 |    84 |   414 ||   713
       Dart              |       |       |    31 |    64 |    11 |    35 |       |       |       ||   141
       Javelin           |       |       |       |       |    14 |       |    21 |    87 |    90 ||   212
       Throwing net      |       |       |       |       |     1 |       |       |       |       ||     1
       Large rock        |       |       |       |       |       |     4 |    25 |    64 |    16 ||   109
Invok: Upheaval          |       |       |     1 |       |     2 |     2 |     6 |     4 |     7 ||    22
       Disaster Area     |       |       |       |       |     2 |     3 |     2 |     2 |     4 ||    13
       Elemental Force   |       |       |       |       |     1 |       |       |       |     1 ||     2
Evoke: Wand              |       |       |     1 |     8 |     8 |     3 |     1 |     2 |    31 ||    54
       Lightning rod     |       |       |       |       |     1 |     1 |       |       |       ||     2
       Condenser vane    |       |       |       |       |       |       |       |     1 |       ||     1
  Use: Potion            |     1 |       |       |     2 |     4 |     6 |     2 |     1 |    14 ||    30
       Scroll            |       |       |    11 |    23 |    10 |     8 |     4 |     7 |    22 ||    85
 Stab: Sleeping          |     6 |       |       |       |       |       |       |       |       ||     6
       Invisible         |       |       |       |     1 |       |     8 |       |       |       ||     9
       Paralysed         |       |       |       |     1 |       |       |       |       |       ||     1
       Petrified         |       |       |       |       |     4 |     4 |       |       |       ||     8
Armor: Robe              |    45 |    63 |       |       |       |       |       |       |       ||   108
       Troll leather arm |       |     5 |   186 |   144 |       |       |       |       |       ||   335
       Storm dragon scal |       |       |       |   304 |   659 |   714 |   472 |   152 |       ||  2301
       Pearl dragon scal |       |       |       |       |       |       |       |   306 |    63 ||   369
       Gold dragon scale |       |       |       |       |       |       |       |       |   559 ||   559
Dodge: Dodged            |    56 |   127 |   217 |   363 |   497 |   702 |   654 |   525 |   593 ||  3734
       Repelled          |       |       |       |     1 |    12 |     6 |    25 |    11 |    42 ||    97
Block: Other             |     1 |    25 |    55 |   151 |   279 |   111 |   302 |   270 |   335 ||  1529
       Kite shield       |       |       |       |       |   279 |  1298 |   322 |       |       ||  1899

Table legend: (Time is in decaauts)
 A = Elapsed time spent in this place.
 B = Non-inter-level travel time spent in this place.
 C = Inter-level travel time spent in this place.
 D = Time resting spent in this place.
 E = Time spent auto-exploring this place.
 F = Levels seen in this place.
 G = Mean time per level.
                   A        B        C        D        E       F      G
               +--------+--------+--------+--------+--------+-----+--------+
         Total |  95794 |  85012 |  10782 |  32256 |  28135 |  61 | 1570.4 |
       Dungeon |  22481 |  18282 |   4199 |   4355 |   8680 |  15 | 1498.7 |
        Temple |     93 |     93 |      0 |      0 |      0 |   1 |   93.0 |
          Lair |  11134 |   9976 |   1158 |   3995 |   3410 |   6 | 1855.7 |
        Shoals |   9296 |   8882 |    414 |   4840 |   1982 |   4 | 2324.0 |
   Spider Nest |   7603 |   7100 |    503 |   3719 |   1543 |   4 | 1900.8 |
    Slime Pits |   6473 |   5989 |    484 |   3041 |   1975 |   5 | 1294.6 |
  Orcish Mines |   3978 |   2882 |   1096 |   1102 |    817 |   2 | 1989.0 |
   Elven Halls |   4764 |   4426 |    338 |    904 |   1561 |   3 | 1588.0 |
        Vaults |  10126 |   9304 |    822 |   3033 |   3724 |   4 | 2531.5 |
        Depths |   8370 |   6951 |   1419 |   1542 |   2848 |   5 | 1674.0 |
           Zot |   8138 |   7795 |    343 |   3962 |   1455 |   5 | 1627.6 |
         Abyss |    528 |    528 |      0 |    202 |      0 |   3 |  176.0 |
         Trove |     44 |     44 |      0 |      0 |      0 |   1 |   44.0 |
        Bailey |    838 |    838 |      0 |    460 |      0 |   1 |  838.0 |
      Ice Cave |    931 |    931 |      0 |    433 |    138 |   1 |  931.0 |
      Gauntlet |    992 |    992 |      0 |    663 |      0 |   1 |  992.0 |
               +--------+--------+--------+--------+--------+-----+--------+

Top non-repeatable levels by time:
Shoals:3: 3398 daAuts
Vaults:3: 3169 daAuts
Vaults:1: 2897 daAuts
Spider:1: 2555 daAuts
     D:3: 2536 daAuts
  Lair:2: 2482 daAuts
  Lair:1: 2360 daAuts
Spider:3: 2332 daAuts
 Slime:4: 2298 daAuts
     D:9: 2262 daAuts
   Zot:1: 2254 daAuts
Shoals:4: 2207 daAuts
  Lair:3: 2202 daAuts
   Orc:1: 2200 daAuts
    D:10: 2174 daAuts
